 Dungeon Crawl Stone Soup version 0.25-a0-589-g1e14c549ee (webtiles) character file.

Game seed: 15666396332517756097, levelgen mode: deterministic

30 Esekla the Charlatan (level 3, -1/17 HPs)
             Began as a Spriggan Artificer on Mar 10, 2020.
             Slain by an adder (2 damage)
             ... on level 2 of the Dungeon.
             The game lasted 00:07:27 (1743 turns).

Esekla the Charlatan (Spriggan Artificer)           Turns: 1743, Time: 00:07:27

Health: -1/17      AC:  2    Str:  8    XL:     3   Next: 3%
Magic:  7/7        EV: 19    Int: 13    God:
Gold:   62         SH:  0    Dex: 16    Spells: 2/2 levels left

rFire    . . .     SeeInvis +   a - +0 short sword
rCold    . . .     Gourm    .   (shield restricted)
rNeg     . . .     Faith    .   b - +0 robe
rPois    .         Spirit   .   (helmet restricted)
rElec    .         Reflect  .   (no cloak)
rCorr    .         Harm     .   (gloves unavailable)
MR       .....                  (boots unavailable)
Stlth    ++........             (no amulet)
HPRegen  0.05/turn              (no ring)
MPRegen  0.10/turn              (no ring)

@: lethally poisoned (-1 -> -9), very quick
A: very small, unfitting armour, see invisible, herbivore, speed 3, slow
metabolism 2
a: no special abilities


You were on level 2 of the Dungeon.
You were not hungry.

You visited 1 branch of the dungeon, and saw 2 of its levels.

You collected 62 gold pieces.

Inventory:

Hand Weapons
 a - a +0 short sword (weapon)
Armour
 b - a +0 robe (worn)
Wands
 c - a wand of flame (15)
 d - a wand of enslavement (15)
 e - a wand of random effects (15)
Scrolls
 g - 2 scrolls of identify {unknown}
 h - 3 scrolls of enchant weapon {unknown}
 i - 3 scrolls of remove curse {unknown}
 k - a scroll of enchant armour {unknown}
Potions
 l - a potion of heal wounds {unknown}
Comestibles
 f - 2 rations


   Skills:
 + Level 0.9 Fighting
 + Level 1.9 Short Blades
 * Level 3.7 Dodging
 + Level 1.9 Stealth
 - Level 4.6 Evocations


You had 2 spell levels left.
You didn't know any spells.
Your spell library was empty.

Dungeon Overview and Level Annotations

Branches:
Dungeon (2/15)

Altars:


Innate Abilities, Weirdness & Mutations

You are very small and have problems with some larger weapons.
You are too small for most types of armour.
You have supernaturally acute eyesight. (SInv)
You are a herbivore.
You cover ground extremely quickly.
You need to consume almost no food.


Message History

Found a fizzy coppery potion.
Found a scroll labeled KAOTTO CUTASK.
You feel sick.
You see here a scroll labeled ITIFOO YLIA.
i - 3 scrolls labeled ITIFOO YLIA (gained 1)
You feel sick.
You see here a fizzy coppery potion.
l - a fizzy coppery potion The adder completely misses you.
You feel sick. The adder barely misses you.
You see here a scroll labeled KAOTTO CUTASK.
h - 3 scrolls labeled KAOTTO CUTASK (gained 1)
The adder bites you.
* * * LOW HITPOINT WARNING * * *
You are more poisoned.
The adder poisons you!
It was a potion of cancellation.
You feel magically purged.
* * * LOW HITPOINT WARNING * * *
You feel sick. The adder bites you.
You die...

. ... ....##########
.............#
.......@S....#####
.................#
.................#
.................#
#.................#
#........(........###.#
.#####.....................#
.......................####
.......................#


You could see an adder.

Vanquished Creatures
  A leopard gecko (D:2)
  4 bats
  A giant cockroach (D:1)
  3 hobgoblins (D:1)
  3 jackals (D:2)
  7 kobolds
  A quokka (D:2)
  3 goblins (D:1)
  2 rats (D:1)
25 creatures vanquished.

Notes
Turn   | Place    | Note
-------+----------+-------------------------------------------
     0 | D:1      | Esekla the Spriggan Artificer began the quest for the Orb.
     0 | D:1      | Reached XP level 1. HP: 9/9 MP: 4/4
   616 | D:1      | Reached XP level 2. HP: 9/14 MP: 6/6
  1313 | D:2      | Reached XP level 3. HP: 11/17 MP: 7/7
  1743 | D:2      | Slain by an adder

Levels and vault maps discovered:
D:1:      dpeg_arrival_circle_labyrinth_c, layout_loops_ring, serial_forest,
          infiniplex_forest_lined_room_3, infiniplex_forest_clump_diagonal,
          infiniplex_forest_straight_3, infiniplex_forest_fountain,
          infiniplex_forest_lined_4_way, infiniplex_forest_clump_medium,
          infiniplex_forest_lined_ring
D:2:      layout_basic

Action                   || total
-------------------------++-------
Melee: Short sword       ||   113
  Use: Potion            ||     1
 Stab: Sleeping          ||     3
Armor: Robe              ||    10
Dodge: Dodged            ||    83

Table legend:
 A = Non-vault XP
 B = Vault XP
 C = Vault XP percentage of total XP
 D = Non-vault monster count
 E = Vault monster count
 F = Vault count percentage of total count
                 A         B        C        D         E       F
            +---------+---------+-------+---------+---------+-------
      Total |      43 |       0 |   0.0 |      25 |       0 |   0.0
            +---------+---------+-------+---------+---------+-------
        D:1 |      27 |       0 |   0.0 |      17 |       0 |   0.0
        D:2 |      16 |       0 |   0.0 |       8 |       0 |   0.0
            +---------+---------+-------+---------+---------+-------
